 Dungeon Crawl Stone Soup version 0.26-a0-180-ge96aa7da28 (webtiles) character file.

Game seed: 15949322559657390097

171 Flugslaktarn the Chiller (level 5, -2/24 HPs)
             Began as a Vine Stalker Ice Elementalist on July 3, 2020.
             Slain by Grinder (8 damage)
             ... on level 5 of the Dungeon.
             The game lasted 00:06:00 (1069 turns).

Flugslaktarn the Chiller (VSIE)                     Turns: 1069, Time: 00:06:01

Health: -2/24      AC:  2    Str: 11    XL:     5   Next: 51%
Magic:  0/11       EV: 12    Int: 16    God:
Gold:   62         SH:  0    Dex: 14    Spells: 7/11 levels left

rFire    . . .     SeeInvis .   o - +0 hand axe
rCold    . . .     Faith    .   (no shield)
rNeg     . . .     Spirit   +   a - +0 robe
rPois    .         Reflect  .   (no helmet)
rElec    .         Harm     .   (no cloak)
rCorr    .                      (no gloves)
MR       .....                  (no boots)
Stlth    ++........             (no amulet)
HPRegen  0.48/turn              (no ring)
MPRegen  0.12/turn              (no ring)

@: no status effects
A: fangs 2, regeneration 1, magic shield, antimagic bite, no potion heal 3, rot
immunity
a: no special abilities


You were on level 5 of the Dungeon.
You were near starving.

You visited 1 branch of the dungeon, and saw 5 of its levels.

You collected 62 gold pieces.

Inventory:

Hand Weapons
 o - a +0 hand axe (weapon)
   (You took it off an orc on level 4 of the Dungeon)
Missiles
 p - 19 arrows
Armour
 a - a +0 robe (worn)
Scrolls
 b - 4 scrolls of identify {unknown}
 e - 2 scrolls of enchant weapon {unknown}
 f - a scroll of magic mapping {unknown}
 j - a scroll of amnesia {unknown}
 k - a scroll of noise {unknown}
 l - 2 scrolls of fear {unknown}
 n - a scroll of immolation {unknown}
 q - a scroll of remove curse {unknown}
Potions
 d - a potion of lignification {unknown}
 g - 2 potions of curing
 h - a potion of mutation {unknown}
 i - a potion of might {unknown}
 m - a potion of berserk rage {unknown}
Comestibles
 c - 5 rations


   Skills:
 - Level 1.5 Dodging
 - Level 2.4 Stealth
 + Level 3.6 Spellcasting
 * Level 5.9 Ice Magic


You had 7 spell levels left.
You knew the following spells:

 Your Spells              Type           Power        Failure   Level  Hunger
a - Freeze                Ice            ###.         1%          1    None
b - Frozen Ramparts       Ice            ###...       4%          3    ###....

Your spell library contained the following spells:

 Spells                   Type           Power        Failure   Level  Hunger
 Ozocubu's Armour         Chrm/Ice       ##......     16%         3    ###....
 Hailstorm                Conj/Ice       ##......     45%         4    ####...
 Summon Ice Beast         Ice/Summ       ##......     45%         4    ####...


Dungeon Overview and Level Annotations

Branches:
Dungeon (5/15)
 Temple: D:4-7

Altars:
Dithmenos
Sif Muna

Annotations:
D:3 Natasha
D:5 Grinder


Innate Abilities, Weirdness & Mutations

You have extremely sharp teeth.
Your natural rate of healing is unusually fast.
When hurt, damage is shared between your health and your magic reserves.
Your bite disrupts and absorbs the magic of your enemies.
Potions cannot restore your health.
You are immune to rotting.


Message History

Grinder comes into view.
Grinder shouts!
Grinder drinks a potion.
Grinder suddenly seems more resistant.
You see here a scroll labeled ARHORO ZOUDGHAI.
q - a scroll labeled ARHORO ZOUDGHAI
Casting: Frozen Ramparts (quite dangerous; 5% risk of failure)
Confirm with . or Enter, or press ? or * to list all spells.
The spell is quite dangerous to cast (5% risk of failure)!
Continue anyway?
The walls around you are covered in ice.
The wall freezes the scorpion.
A shadow imp comes into view.
Unknown command.
The wall freezes the scorpion.
The wall freezes the scorpion.
Grinder completely resists.
The wall freezes Grinder but do no damage.
The wall freezes the scorpion.
You kill the scorpion!
Grinder completely resists.
The wall freezes Grinder but do no damage.
It was a potion of curing.
That felt strangely inert.
Grinder completely resists.
The wall freezes Grinder but do no damage.
Unknown command.
You aren't carrying any items that you can evoke.
Okay, then.
Okay, then.
Unknown command.
Unknown command.
Unknown command.
Unknown command.
Grinder completely resists.
The wall freezes Grinder but do no damage.
Grinder hits you.
You writhe in agony.
Unknown command.
You hit Grinder but do no damage. You bite Grinder, but do no damage.
Grinder completely resists.
The wall freezes Grinder but do no damage.
Grinder hits you!
You writhe in agony.
* * * LOW HITPOINT WARNING * * *
You hit Grinder but do no damage. Your bite misses Grinder.
The frozen ramparts melt away.
Grinder closely misses you.
Unknown command.
You closely miss Grinder.
Grinder grins, showing sharp teeth.
Grinder barely misses you. Grinder gestures at you.
Pain shoots through your body!
* * * LOW HITPOINT WARNING * * *
You barely miss Grinder. You bite Grinder, but do no damage. Grinder hits you!
You die...

..### ##..##
#...## #....#
.#...### ....
..##...## #..#
...##...###..#
...###....#..#
...# ##......###
..## ##....†..###
.<#
##.........@###
.##
#.........#.5.# .#
##.........###...#
## #.........##
###...# #
#.......### ##..5#
#......### #..
##....### #
#...##.. .## ###


You could see Grinder (resistant).

Vanquished Creatures
  A scorpion (D:5)
  A hound (D:4)
  An orc wizard (D:4)
  2 adders (D:3)
  An ooze (D:3)
  An adder skeleton (D:5)
  An adder zombie (D:5)
  A worm (D:3)
  2 dart slugs
  4 orcs
  2 bats
  4 goblins
  2 hobgoblins
  A quokka (D:5)
  2 frilled lizards (D:1)
  3 kobolds
  4 rats
33 creatures vanquished.

Notes
Turn   | Place    | Note
-------+----------+-------------------------------------------
     0 | D:1      | Flugslaktarn the Vine Stalker Ice Elementalist began the
                  | quest for the Orb.
     0 | D:1      | Reached XP level 1. HP: 9/9 MP: 4/4
   200 | D:1      | Reached XP level 2. HP: 10/13 MP: 1/6
   294 | D:3      | Found a shimmering blue altar of Sif Muna.
   295 | D:3      | Noticed Natasha
   416 | D:2      | Reached XP level 3. HP: 8/16 MP: 4/8
   421 | D:2      | Learned a level 3 spell: Frozen Ramparts
   708 | D:3      | Reached skill level 5 in Ice Magic
   790 | D:4      | Gained mutation: Your natural rate of healing is unusually
                  | fast. [Vine Stalker growth]
   790 | D:4      | Reached XP level 4. HP: 6/21 MP: 1/9
   838 | D:4      | Found a shadowy altar of Dithmenos.
   846 | D:4      | Reached XP level 5. HP: 7/24 MP: 0/11
   993 | D:5      | Entered Level 5 of the Dungeon
  1057 | D:5      | Noticed Grinder
  1069 | D:5      | Slain by Grinder

Illustrated notes

Levels and vault maps discovered:
D:1:      minmay_arrival_widening_spiral_narrow, layout_basic,
          minmay_misc_feat_plants
D:2:      layout_loops_corners, lightli_corner_chamber
D:3:      layout_loops_cross, nicolae_overflow_crystal_walls, uniq_natasha
D:4:      layout_loops_cross, grunt_dithmenos_smoke_and_mirrors,
          nicolae_tso_besieged_by_evil, nicolae_ru_the_path_less_chosen,
          gammafunk_ghost_smash, uniq_duvessa
D:5:      layout_cave_pods, grunt_qazlal_clouds, first_ration,
          dk_rats_in_the_wall, uniq_grinder

Skill      XL: |  1  2  3 |
---------------+----------+-----
Ice Magic      | 5 |  5.9
Spellcasting   | 3 |  3.6
Dodging        | |  1.5
Stealth        | |  2.4

Action                   |  1- 3 |  4- 6 || total
-------------------------+-------+-------++-------
Melee: Unarmed           |    17 |     1 ||    18
       Bite              |     4 |     8 ||    12
       Hand axe          |       |    16 ||    16
 Cast: Freeze            |    20 |       ||    20
       Frozen Ramparts   |     7 |     4 ||    11
  Use: Potion            |       |     1 ||     1
Armor: Robe              |     1 |     4 ||     5
Dodge: Dodged            |    18 |    17 ||    35

Table legend:
 A = Non-vault XP
 B = Vault XP
 C = Vault XP percentage of total XP
 D = Non-vault monster count
 E = Vault monster count
 F = Vault count percentage of total count
                 A         B        C        D         E       F
            +---------+---------+-------+---------+---------+-------
      Total |     245 |       0 |   0.0 |      33 |       0 |   0.0
            +---------+---------+-------+---------+---------+-------
        D:1 |      16 |       0 |   0.0 |      10 |       0 |   0.0
        D:2 |       5 |       0 |   0.0 |       3 |       0 |   0.0
        D:3 |      53 |       0 |   0.0 |      11 |       0 |   0.0
        D:4 |      92 |       0 |   0.0 |       5 |       0 |   0.0
        D:5 |      79 |       0 |   0.0 |       4 |       0 |   0.0
            +---------+---------+-------+---------+---------+-------
